 Dungeon Crawl Stone Soup version 0.23.2-33-g5129a83184 (console) character file.

Game seed: 10976209444696212776

135 FlyingSalmon the Poker (level 5, 39/39 HPs)
             Began as a Merfolk Skald on July 26, 2019.
             Quit the game on level 3 of the Dungeon.
             The game lasted 00:12:12 (2855 turns).

FlyingSalmon the Poker (Merfolk Skald)              Turns: 2855, Time: 00:12:12

Health: 39/39      AC:  3    Str: 12    XL:     5   Next: 18%
Magic:  8/8        EV: 13    Int: 13    God:
Gold:   130        SH:  0    Dex: 13    Spells: 2/8 levels left

rFire    . . .     SeeInvis .   a - +0 spear
rCold    . . .     Gourm    .   (no shield)
rNeg     . . .     Faith    .   b - +0 leather armour
rPois    .         Spirit   .   (no helmet)
rElec    .         Reflect  .   (no cloak)
rCorr    .         Harm     .   (no gloves)
MR       .....                  (no boots)
Stlth    +.........             (no amulet)
HPRegen  0.13/turn              (no ring)
MPRegen  0.11/turn              (no ring)

@: no status effects
A: change form in water, swift swim, stealthy swim
a: no special abilities


You were on level 3 of the Dungeon.
You were not hungry.

You visited 1 branch of the dungeon, and saw 3 of its levels.

You collected 130 gold pieces.

Inventory:

Hand Weapons
 a - a +0 spear (weapon)
Missiles
 c - 95 stones (quivered)
Armour
 b - a +0 leather armour (worn)
Jewellery
 o - a +4 ring of intelligence {unknown}
Scrolls
 e - 4 scrolls of identify {unknown}
 f - a scroll of magic mapping {unknown}
 g - a scroll of enchant weapon {unknown}
 h - 2 scrolls of fog {unknown}
 i - a scroll of remove curse {unknown}
 j - 2 scrolls of amnesia {unknown}
 m - 2 scrolls of teleportation {unknown}
Potions
 k - 2 potions of curing
 l - 2 potions of mutation {unknown}
Comestibles
 d - 7 rations
 n - 7 chunks of flesh


   Skills:
 + Level 2.5 Fighting
 * Level 5.3 Polearms
 + Level 1.5 Armour
 + Level 3.3 Dodging
 + Level 2.2 Spellcasting
 + Level 3.9 Charms


You had 2 spell levels left.
You knew the following spells:

 Your Spells              Type           Power        Failure   Level  Hunger
a - Infusion              Chrm           ##..         6%          1    ##.....
b - Shroud of Golubria    Chrm/Tloc      #.........   22%         2    ###....
c - Spectral Weapon       Hex/Chrm       #.......     38%         3    ####...

Your spell library contained the following spells:

 Spells                   Type           Power        Failure   Level  Hunger
 Song of Slaying          Chrm           ##......     10%         2    ###....
 Regeneration             Chrm/Necr      #.........   38%         3    ####...


Dungeon Overview and Level Annotations

Branches:
Dungeon (3/15)

Altars:
Gozag


Message History

Aim: a goblin You reach to attack!
You hit the goblin but do no damage.
Attack whom?
Press: ? - help, Dir - move target cursor, f/p - goblin
Aim: a goblin You reach to attack!
You hit the goblin.
You kill the goblin!
You see here a goblin corpse.
You butcher the goblin corpse.
n - 7 chunks of flesh (gained 2)
You see here a goblin skeleton.
Save game and exit?
Welcome back, FlyingSalmon the Merfolk Skald.
Press ? for a list of commands and other information.
HP restored.
A hobgoblin comes into view. It is wielding a +0 club.
The hobgoblin shouts!
You hit the hobgoblin.
You kill the hobgoblin!
Are you sure you want to abandon this character and quit the game? (Confirm with "yes".)

.#.# #.#.#
#........ #.#
.#.###.#.#
........ #.#
.......#.#
#.....# #.#
.####..#.#
#####....#####.#
.# #..#.#
..#...........#
.# #..#.#
##.#.###.#######
.####.[#.#
#..#..##รท#
......>..#
######.....##.#
.......###
#..)@.........#
.#####.#
#.####.#.#.####
## #.# #.....#
#.# ###.### #.#
#.# #.# #.# #.#
#.# #.# #..


There were no monsters in sight!

Vanquished Creatures
  6 adders
  An ooze (D:2)
  A worm (D:2)
  2 leopard geckos
  4 orcs
  10 bats
  4 giant cockroaches
  9 goblins
  6 hobgoblins
  5 jackals
  A ball python (D:2)
  5 frilled lizards
  7 kobolds
  5 rats
66 creatures vanquished.

Notes
Turn   | Place    | Note
-------+----------+-------------------------------------------
     0 | D:1      | FlyingSalmon the Merfolk Skald began the quest for the Orb.
     0 | D:1      | Reached XP level 1. HP: 16/16 MP: 3/3
    93 | D:1      | Reached XP level 2. HP: 14/22 MP: 5/5
   997 | D:1      | Reached XP level 3. HP: 16/27 MP: 6/6
  1409 | D:2      | Reached skill level 4 in Polearms
  1409 | D:2      | Reached skill level 1 in Armour
  1669 | D:2      | Reached XP level 4. HP: 30/34 MP: 7/7
  2379 | D:2      | Reached skill level 5 in Polearms
  2588 | D:3      | Found an opulent altar of Gozag.
  2611 | D:3      | Reached XP level 5. HP: 35/39 MP: 8/8
  2665 | D:3      | Learned a level 2 spell: Shroud of Golubria
  2688 | D:3      | Learned a level 3 spell: Spectral Weapon
  2855 | D:3      | Quit the game

Skill      XL: |  1  2  3  4 |
---------------+-------------+-----
Dodging        | 3 |  3.3
Polearms       | 4 5 |  5.3
Armour         | 1 |  1.5
Fighting       | |  2.5
Spellcasting   | |  2.2
Charms         | |  3.9

Action                   |  1- 3 |  4- 6 || total
-------------------------+-------+-------++-------
Melee: Spear             |   143 |   144 ||   287
Throw: Stone             |     2 |       ||     2
 Cast: Infusion          |     9 |     4 ||    13
 Stab: Sleeping          |       |     2 ||     2
  Eat: Chunk             |     3 |     4 ||     7
Armor: Leather armour    |    34 |    20 ||    54
Dodge: Dodged            |    86 |    73 ||   159
